Unix NetHack Version 5.0.0-0 post-release - last build Jun 10 2026 00:39:30 (3ee93aec679c4c4259841fe613dc97188e26a321,branch:main).

Game began 2026-06-10 07:08:47, ended 2026-06-10 11:29:21.

FutureTim, lawful female human Valkyrie

                                                             -----       ---
                                                            --.|.--     --.---
                                                            |.....|     |....|
                                           ----             --...--    ---...|
                                         ---..--    ----   ----..|     |.....|
                                       ---.....------..|   |.|..--     |.--.--
                                      --.......%[....).|   |....|      |.||.|
                                     --....<...---....--   --...|  ----|.||.|
                                    --..^..--..--|.----     |-..-- |..--.||.|
                                    |...........|---        |....---)....||.|
                               ---- |...........--        ---..^.......---|.|
                                ..| ---..........--       |.%..)).)..---  |.|
                                -.-----...........------ --.........--    |.|
                                |.........---.....>....---...[...(.--     |.|
                                |@..----..| |................).)..-|      |.|
                                |.---  ---- |..---.....---....)....---    |.|
                                ---         ---- --....----..........|   --.|
                                                  --.....|---.--.....|   |..|
                                                   |.....|  -----....|   |..|
                                                   ---..--      ---.--   ----
                                                     ----         ---
FutureTim the Woman-at-arms  St:16 Dx:13 Co:18 In:8 Wi:11 Ch:9  Lawful
Dlvl:12 $:216 HP:102(102) Pw:41(41) AC:-6 Xp:10 T:10605  Satiated

Latest messages:
 You are caught in a bear trap.
 You are caught in a bear trap.
 You are caught in a bear trap.
 You are caught in a bear trap.
 You are caught in a bear trap.
 You are caught in a bear trap.
 You are caught in a bear trap.
 You are caught in a bear trap.
 You are caught in a bear trap.
 You are caught in a bear trap.
 You are caught in a bear trap.
 You are caught in a bear trap.
 You are caught in a bear trap.
 You are caught in a bear trap.
 You are caught in a bear trap.
 You are caught in a bear trap.
 You are caught in a bear trap.
 You are caught in a bear trap.
 You are caught in a bear trap.
 You are caught in a bear trap.
 You are caught in a bear trap.
 You are caught in a bear trap.
 You are caught in a bear trap.
 You are caught in a bear trap.
 You are caught in a bear trap.
 You are caught in a bear trap.
 You are caught in a bear trap.
 You are caught in a bear trap.
 You finally wriggle free.
 The massive hammer hits!  Lightning strikes the wumpus!
 The massive hammer hits!  Lightning strikes the wumpus!
 The massive hammer hits!  Lightning strikes the wumpus!
 You kill the wumpus!
 You see here a wumpus corpse.
 There are several objects here.
 You see here 2 corroded crossbow bolts.
 You see here a dagger.
 There are many objects here.
 P - a wand of fire.
 Q - a bugle.
 You see here a wumpus corpse.
 What do you want to use or apply? [gpsxGHKLNPQ or ?*] x
 V - an uncursed wand of enlightenment.
 What do you want to zap? [GHLPV or ?*] V
 You feel self-knowledgeable...
 The feeling subsides.
 Really quit without saving? [yn] (n) y
 Do you want your possessions identified? [ynq] (y) y
 Do you want to see your attributes? [ynq] (y) y
 Do you want an account of creatures vanquished? [ynaq] (y) q

Inventory:
 Coins    ('$')
  $ - 216 gold pieces
 Amulets  ('"')
  e - an uncursed amulet of reflection
 Weapons  (')')
  r - a +1 arrow
  X - 15 +0 arrows
  k - 7 +0 elven arrows
  n - a +1 bow
  w - the rustproof +0 Mjollnir (weapon in right hand)
 Armor    ('[')
  M - an uncursed +0 dwarvish iron helm (being worn)
  J - an uncursed +0 pair of iron shoes (being worn)
  c - an uncursed burnt +3 small shield (being worn)
  Y - a blessed +0 silver dragon scale mail (being worn)
 Comestibles  ('%')
  W - 3 uncursed food rations
  d - an uncursed sprig of wolfsbane
  E - an uncursed lizard corpse
 Scrolls  ('?')
  j - 3 uncursed scrolls of identify
 Wands    ('/')
  V - a wand of enlightenment (0:13)
  P - a wand of fire (0:5)
  H - a wand of light (0:13)
  G - a wand of light (0:11)
  L - a wand of striking (0:5)
 Tools    ('(')
  x - an uncursed sack containing 17 items
  Q - an uncursed bugle
  g - an uncursed lock pick
  N - an uncursed pair of lenses
  p - a +0 pick-axe
  K - an uncursed tallow candle
  s - an uncursed towel

Contents of the sack:
  an uncursed lizard corpse
  an uncursed lizard corpse
  an uncursed scroll of amnesia
  a blessed scroll of blank paper
  2 uncursed scrolls of blank paper
  an uncursed scroll of earth
  an uncursed scroll of enchant weapon
  2 uncursed potions of extra healing
  a cursed potion of oil
  an uncursed potion of see invisible
  an uncursed potion of sleeping
  a wand of create monster (0:1)
  a wand of digging (0:8)
  a blessed wand of speed monster (0:7)
  a blessed wand of striking (0:4)
  a fire horn (0:7)
  an uncursed tin whistle

FutureTim the Valkyrie's attributes:

Background:
 You were a Woman-at-arms, a level 10 human Valkyrie.
 You were lawful, on a mission for Tyr
 who was opposed by Odin (neutral) and Loki (chaotic).
 You were right-handed.
 You were in the Gnomish Mines, on level 12.
 You entered the dungeon 10605 turns ago.
 You had 7403 experience points, 2597 more were needed to attain level 11.

Basics:
 You had all 102 hit points.
 You had all 41 energy points (spell power).
 Your armor class was -6.
 Your wallet contained 216 zorkmids.
 Autopickup was off.

Final Characteristics:
 Your strength was 16 (peak:18/01, limit:18/100).
 Your dexterity was 13 (peak:14, limit:18).
 Your constitution was 18 (limit:18).
 Your intelligence was 8 (limit:18).
 Your wisdom was 11 (limit:18).
 Your charisma was 9 (limit:18).

Final Status:
 You were satiated.
 You were unencumbered.
 You were wielding a hammer.
 You had expert skill with hammer.

Final Attributes:
 You were piously aligned.
 You were cold resistant.
 You were telepathic.
 You were stealthy.
 You aggravated monsters.
 You were fast.
 You had reflection.
 You were unlucky.
 You survived.

Miscellaneous:
 You didn't encounter any bones levels.
 Total elapsed playing time was 3 hours, 38 minutes and 31 seconds.

Major events:
 Turn
    1: FutureTim the lawful human Valkyrie entered the dungeon
  846: attained the rank of Skirmisher (level 3)
 1757: entered the Gnomish Mines
 2174: attained the rank of Fighter (level 6)
 3320: reached Mine Town
 3832: was bestowed with Mjollnir by Tyr
 5261: made her first wish - "blessed +3 silver dragon scale mail", got "a silver dragon scale mail"
 6692: entered Sokoban
 8394: attained the rank of Woman-at-arms (level 10)
10605: quit

Spells:
 Name                 Level Category     Fail Retention
 detect monsters        1   divination    95%   26%-50%
 sleep                  3   enchantment  100%   51%-75%

Skills:
 Fighting Skills
   bare handed combat [Unskilled]
   two weapon combat  [Unskilled]
   riding             [Unskilled]
 Weapon Skills
   dagger             [Basic]
   axe                [Unskilled]
   pick-axe           [Unskilled]
   short sword        [Unskilled]
   broadsword         [Unskilled]
   long sword         [Unskilled]
   two-handed sword   [Unskilled]
   saber              [Unskilled]
   hammer             [Expert]
   quarterstaff       [Unskilled]
   polearms           [Unskilled]
   spear              [Skilled]
   trident            [Unskilled]
   lance              [Unskilled]
   sling              [Unskilled]
 Spellcasting Skills
   attack spells      [Unskilled]
   escape spells      [Unskilled]

Voluntary challenges:
 Character rerolling was not enabled.
 You never genocided any monsters.
 You never polymorphed an object.
 You never changed form.
 You used 1 wish.
 You did not wish for any artifacts.
 You did not violate any of the special Sokoban rules.
Achievements:
 You entered a shop.
 You attained the rank of Skirmisher.
 You entered the Gnomish Mines.
 You attained the rank of Fighter.
 You entered Minetown.
 You entered a temple.
 You entered Sokoban.
 You attained the rank of Woman-at-arms.

 The Dungeons of Doom: levels 1 to 7
    Level 1:
    Level 2:
    Level 3:
       A potion shop.
    Level 4:
       A general store.
       Stairs down to The Gnomish Mines.
    Level 5:
       Oracle of Delphi.
    Level 6:
       Stairs up to Sokoban, level 5.
    Level 7:
       A sink.
 The Gnomish Mines: levels 5 to 13
    Level 5:
    Level 6:
    Level 7:
    Level 8:
       Many shops, a temple and an altar to Tyr, some fountains.
    Level 9:
    Level 10:
    Level 11:
    Level 12: <- You were here.
    Level 13:
 Sokoban:
    Level 5:
       Unsolved.


Vanquished creatures:
  a black pudding
  a large mimic
  a wumpus
  2 black nagas
  3 sergeants
  2 small mimics
  a flaming sphere
 an energy vortex
  a leather golem
  a chameleon
  a crocodile
  a giant beetle
  2 quivering blobs
  a cockatrice
  a lynx
  7 leprechauns
 an iron piercer
  a scorpion
  a horse
 an ice vortex
  a forest centaur
  4 gnome rulers
  a dwarf mummy
  2 owlbears
  3 lizards
  7 chickatrices
  2 dingoes
  a blue jelly
  2 ravens
  a snake
  9 apes
  a human zombie
  a rope golem
  a Woodland-elf
  2 soldier ants
  5 fire ants
  a bugbear
  3 quasits
  a wood nymph
  2 water nymphs
  4 Uruk-hai
  2 orc shamans
  4 rock piercers
  a rock mole
  2 ponies
  2 fog clouds
  a yellow light
  2 violet fungi
 18 gnome leaders
  5 gnomish wizards
  a kobold mummy
  a black naga hatchling
  2 elf zombies
  a ghoul
  2 straw golems
  a paper golem
  6 giant ants
  2 floating eyes
  a kitten
  7 dwarves
  2 homunculi
  a kobold shaman
  2 hill orcs
  2 rabid rats
  a centipede
  3 giant bats
  3 monkeys
  3 orc zombies
  2 wererats
  a werejackal
  3 iguanas
  4 killer bees
  2 acid blobs
  a coyote
  2 gas spores
  a hobbit
  2 large kobolds
  a hobgoblin
  a cave spider
  2 brown molds
  a yellow mold
  a red mold
 66 gnomes
  7 garter snakes
  2 gnome zombies
  4 geckos
  9 jackals
  2 foxes
  2 kobolds
  5 goblins
  5 sewer rats
  4 grid bugs
  4 lichens
  4 newts
301 creatures vanquished.

No species were genocided or became extinct.

Farvel FutureTim the Valkyrie...

You quit in The Gnomish Mines on dungeon level 12 with 25290 points,
and 216 pieces of gold, after 10605 moves.
You were level 10 with a maximum of 102 hit points when you quit.

